AoeStats
← Malelf

Hideout

507926268Analyzed
1v1 RM · 11d ago on Sep 20, 2026· 34m 50s· 2 players
Game mode
Random Map
Map size
Tiny (2 player)
Population
200
Speed
Normal
Resources
Standard
Victory
Conquest
Starting age
Dark Age
Ending age
Imperial Age
RankedLock teamsTeams togetherTeam positionsShared explorationLock speedFull tech treeHidden civsTurbo modeCheats
Victory
Defeat
🇳🇱 Hindustanis · Netherlands
1698
+17
🇮🇹 Bohemians · Italy
1717
-17
Henk
9:27 Feudal Age
9:49 Feudal Age
14:07 Castle Age
12:00 Horse Collar
14:51 Double-Bit Axe
15:52 Bow Saw
17:46 Loom
19:25 Wheelbarrow
21:43 Heavy Plow
22:19 Hand Cart
23:37 Fortified Wall
24:12 Masonry
24:44 Town Watch
28:58 Imperial Age
28:18 Scale Mail Armor
30:50 Chemistry
30:43 Forging
30:48 Chain Mail Armor
30:29 Gold Mining
30:44 Fletching
32:01 Ballistics
33:14 Iron Casting
33:31 Gold Shaft Mining
34:11 Chain Mail Armor
34:57 Blast Furnace
Malelf
10:53 Feudal Age
10:38 Loom
14:57 Castle Age
13:00 Double-Bit Axe
13:40 Horse Collar
16:07 Bow Saw
18:47 Loom
21:45 Fervor
23:05 Sanctity
23:37 Redemption
34:50 Imperial Age
Connection lost

Rejoining the realm…

Still unreachable

The connection could not be restored.

Session expired

The server has moved on; the page needs a fresh start.